 Dungeon Crawl Stone Soup version 0.25-a0-860-gf695395 (webtiles) character file.

Game seed: 3560802311919638910, levelgen mode: deterministic

111 robertstho the Poker (level 4, 0/37 HPs)
             Began as a Merfolk Berserker on Apr 27, 2020.
             Was a Believer of Trog.
             Slain by Sigmund
             ... wielding a +4 vorpal scythe
              (6 damage)
             ... on level 3 of the Dungeon.
             The game lasted 00:02:18 (1962 turns).

robertstho the Poker (Merfolk Berserker)            Turns: 1962, Time: 00:02:19

Health: 0/37       AC:  6    Str: 18    XL:     4   Next: 92%
Magic:  4/4        EV: 11    Int:  6    God:    Trog [**....]
Gold:   104        SH:  0    Dex: 13    Spells: 3/3 levels left

rFire    . . .     SeeInvis .   a - +0 spear
rCold    . . .     Gourm    .   (no shield)
rNeg     . . .     Faith    .   k - +0 scale mail
rPois    .         Spirit   .   (no helmet)
rElec    .         Reflect  .   (no cloak)
rCorr    .         Harm     .   (no gloves)
MR       .....                  (no boots)
Stlth    ..........             (no amulet)
HPRegen  0.12/turn              (no ring)
MPRegen  0.09/turn              (no ring)

@: berserk cooldown, slowed, very slow
A: change form in water, swift swim, stealthy swim
a: Berserk, Trog's Hand, Renounce Religion


You were on level 3 of the Dungeon.
You worshipped Trog.
Trog was pleased with you.
You were hungry.

You visited 1 branch of the dungeon, and saw 3 of its levels.

You collected 104 gold pieces.

Inventory:

Hand Weapons
 a - a +0 spear (weapon)
Armour
 k - a +0 scale mail (worn)
Jewellery
 d - a +3 ring of strength {unknown}
Scrolls
 e - 2 scrolls of identify {unknown}
 f - 2 scrolls of noise {unknown}
 g - a scroll of fear {unknown}
 h - 2 scrolls of teleportation {unknown}
 i - a scroll of enchant armour {unknown}
 l - 2 scrolls of immolation {unknown}
 n - a scroll of amnesia {unknown}
 o - a scroll of enchant weapon {unknown}
Potions
 j - a potion of heal wounds {unknown}
 m - a potion of lignification {unknown}
Comestibles
 b - 3 chunks of flesh
 c - 3 rations


   Skills:
 * Level 4.2 Fighting
 * Level 6.2 Polearms
 * Level 1.7 Armour
 * Level 3.5 Dodging
 + Level 0.2 Stealth


You had 3 spell levels left.
You didn't know any spells.
Your spell library was empty.

Dungeon Overview and Level Annotations

Branches:
Dungeon (3/15)

Altars:
Sif Muna

Annotations:
D:3 Sigmund


Message History

You completely miss something. You hit something. You puncture something!
Something hits you.
You miss something.
Some of the chunks of flesh in your inventory have rotted away.
You're too confused to move!
Something hits you!
You bump into the rock wall.
You feel a strong urge to attack something.
You are no longer berserk.
You are exhausted.
You feel yourself slow down.
You bump into the rock wall.
You feel less confused. Something hits you.
You miss something. Something hits you.
You hit something. Something hits you but does no damage.
You barely miss something. Something hits you.
* * * LOW HITPOINT WARNING * * *
x2 You hit something.
Something hits you.
You die...

##### ######### ...#
#.......####
###.###.#####....##
#.......#...#.....#
#.#.##............#
#.##.#.###.#...#.....#
#....{@# #..........##
####.### #########.##
#. #.## . #..# ##
####### ##.# #.....#
#.# #.....# #.##
#.....# #..# #.....#
##.#


There were no monsters in sight!

Vanquished Creatures
  Terence (D:2)
  2 adders (D:2)
  2 worms (D:2)
  3 leopard geckos
  An orc (D:3)
  A ball python (D:3)
  8 bats
  3 giant cockroaches
  6 jackals
  7 kobolds
  2 quokkas
  5 frilled lizards
  6 goblins
  8 rats
55 creatures vanquished.

Vanquished Creatures (others)
  5 toadstools (D:3)
5 creatures vanquished.

Grand Total: 60 creatures vanquished

Notes
Turn   | Place    | Note
-------+----------+-------------------------------------------
     0 | D:1      | robertstho the Merfolk Berserker began the quest for the
                  | Orb.
     0 | D:1      | Reached XP level 1. HP: 18/18 MP: 1/1
   162 | D:1      | Reached XP level 2. HP: 20/24 MP: 2/2
   470 | D:1      | Reached skill level 5 in Polearms
   823 | D:2      | Reached XP level 3. HP: 22/29 MP: 3/3
  1061 | D:2      | Reached ** piety under Trog
  1066 | D:2      | Noticed Terence
  1073 | D:2      | Killed Terence
  1073 | D:2      | Reached XP level 4. HP: 37/37 MP: 4/4
  1383 | D:2      | Reached skill level 6 in Polearms
  1479 | D:2      | Found a shimmering blue altar of Sif Muna.
  1945 | D:3      | Noticed Sigmund
  1962 | D:3      | Slain by Sigmund

Levels and vault maps discovered:
D:1:      scummos_arrival_simple_fountains, layout_basic
D:2:      layout_rooms, nicolae_overflow_crystal_walls, uniq_terence
D:3:      layout_loops_cross, tgw_trog, chequers_ecumenical_altar_grove,
          first_ration, minmay_gold_behind_fungi, kennysheep_pointless_box,
          kennysheep_generic_room_13, uniq_sigmund

Skill      XL: |  1  2  3  4 |
---------------+-------------+-----
Dodging        | 3 |  3.5
Polearms       | 5 6 |  6.2
Fighting       | 4 |  4.2
Armour         | |  1.7
Stealth        | |  0.2

Action                   |  1- 3 |  4- 6 || total
-------------------------+-------+-------++-------
Melee: Spear             |    96 |   141 ||   237
Invok: Berserk           |     2 |     2 ||     4
  Eat: Chunk             |     1 |     5 ||     6
Armor: Animal skin       |     5 |       ||     5
       Scale mail        |       |    38 ||    38
Dodge: Dodged            |    56 |    69 ||   125

Table legend:
 A = Non-vault XP
 B = Vault XP
 C = Vault XP percentage of total XP
 D = Non-vault monster count
 E = Vault monster count
 F = Vault count percentage of total count
                 A         B        C        D         E       F
            +---------+---------+-------+---------+---------+-------
      Total |     121 |      38 |  23.9 |      54 |       1 |   1.8
            +---------+---------+-------+---------+---------+-------
        D:1 |      30 |       0 |   0.0 |      19 |       0 |   0.0
        D:2 |      67 |      38 |  36.2 |      22 |       1 |   4.3
        D:3 |      24 |       0 |   0.0 |      13 |       0 |   0.0
            +---------+---------+-------+---------+---------+-------
